 Dungeon Crawl Stone Soup version 0.24.0-125-gc4c63601f3 (webtiles) character file.

Game seed: 2228801865187720298, levelgen mode: deterministic

12451 Johnny the Grappler (level 11, -12/113 HPs)
             Began as a Troll Berserker on Mar 2, 2020.
             Was a High Priest of Trog.
             Mangled by a tentacled starspawn (29 damage)
             ... on level 1 of the Abyss.
             The game lasted 00:08:52 (7582 turns).

Johnny the Grappler (Troll Berserker)               Turns: 7582, Time: 00:08:53

Health: -12/113    AC: 10    Str: 30    XL:     11   Next: 62%
Magic:  0/19       EV: 13    Int:  3    God:    Trog [*****.]
Gold:   746        SH:  0    Dex:  9    Spells: 10/10 levels left

rFire    . . .     SeeInvis .     - Unarmed
rCold    . . .     Gourm    +   (no shield)
rNeg     . . .     Faith    .   P - +0 steam dragon scales
rPois    .         Spirit   +   (helmet restricted)
rElec    .         Reflect  .   z - scarf {repulsion}
rCorr    .         Harm     .   (gloves unavailable)
MR       ++...                  (boots unavailable)
Stlth    +.........             j - amulet of guardian spirit
HPRegen  1.68/turn              J - ring of magical power
MPRegen  0.16/turn              (no ring)

@: berserk cooldown, regenerating, repel missiles
A: large, unfitting armour, claws 3, fast metabolism 3, gourmand, regeneration
1, shaggy fur 1, tough skin 3
a: Berserk, Trog's Hand, Brothers in Arms, Renounce Religion


You were on level 1 of the Abyss.
You worshipped Trog.
Trog was extremely pleased with you.
You were not hungry.

You visited 1 branch of the dungeon, and saw 10 of its levels.
You visited the Abyss 1 time.

You collected 746 gold pieces.

Inventory:

Missiles
 e - 2 throwing nets (quivered)
Armour
 z - a scarf of repulsion (worn)
 E - a +2 cloak of invisibility
 P - +0 steam dragon scales (worn)
Jewellery
 j - an amulet of guardian spirit (around neck)
 k - an uncursed amulet of magic regeneration {unknown}
 q - an uncursed amulet of the acrobat {unknown}
 H - an uncursed amulet of regeneration {unknown}
 I - an uncursed amulet of the acrobat {unknown}
 J - a ring of magical power (left claw)
Wands
 a - a wand of acid (2)
 B - a wand of polymorph (14)
 C - a wand of flame (7)
 D - a wand of enslavement (9)
 L - a wand of random effects (23)
 M - a wand of disintegration (12)
 N - a wand of iceblast (4)
Scrolls
 d - a scroll of enchant weapon
 h - a scroll of summoning
 l - 2 scrolls of enchant armour {unknown}
 n - 5 scrolls of magic mapping {unknown}
 o - 5 scrolls of remove curse {unknown}
 s - 5 scrolls of fear
 t - 2 scrolls of amnesia
 y - 4 scrolls of teleportation
 A - a scroll of silence
 K - a scroll of fog
Potions
 c - 3 potions of curing
 f - 3 potions of cancellation {unknown}
 g - 3 potions of heal wounds {unknown}
 i - a potion of might {unknown}
 m - a potion of berserk rage {unknown}
 p - 2 potions of haste {unknown}
 r - 3 potions of flight {unknown}
 u - a potion of brilliance {unknown}
 v - 3 potions of magic {unknown}
 w - a potion of degeneration {unknown}
 x - 2 potions of ambrosia {unknown}
 F - a potion of resistance {unknown}
 G - a potion of mutation {unknown}
Comestibles
 b - 29 rations


   Skills:
 + Level 8.3 Fighting
 + Level 7.9 Armour
 + Level 8.3 Dodging
 + Level 9.9 Unarmed Combat


You had 10 spell levels left.
You didn't know any spells.
Your spell library contained the following spells:

 Spells                   Type           Power        Failure   Level  Hunger
 Confusing Touch          Hex            #.....       52%         1    ##.....
 Confuse                  Hex            #.......     88%         3    ####...
 Gell's Gravitas          Tloc           #.........   88%         3    ####...
 Petrify                  Tmut/Erth      #.......     99%         4    #####..
 Metabolic Englaciation   Hex/Ice        #.........   100%        5    ######.
 Yara's Violent Unravell  Hex/Tmut       #.........   100%        5    ######.


Dungeon Overview and Level Annotations

Branches:
Dungeon (10/15)            Temple (0/1) D:4
   Lair: D:8-11         Orc: D:9-12

Altars:
Vehumet
Wu Jian
Zin

Shops:
D:4 %

Annotations:
D:9 Maurice
D:10 Erolcha


Innate Abilities, Weirdness & Mutations

You are too large for most types of armour.
You have claws for hands.
Your metabolism is lightning-fast.
You like to eat raw meat.
Your natural rate of healing is unusually fast.
You are covered in fur. (AC +1)
You have extremely tough skin. (AC +3)


Message History

Your ogre's corpse disappears in a puff of smoke!
Unknown command.
Unknown command.
You hear a shout!
The tentacled starspawn bites you!!
* * * LOW HITPOINT WARNING * * *
The tentacled starspawn completely misses you.
Unknown command.
You barely miss the tentacled starspawn.
The tentacled starspawn is heavily damaged.
The tentacled starspawn bites you!!
* * * LOW HITPOINT WARNING * * *
The tentacled starspawn engulfs you but does no damage.
You hear a shout!
Unknown command.
Unknown command.
Unknown command.
Okay, then.
You feel better. The tentacled starspawn bites you!!
You die...

..##..# . ...
.#.## . ..... ..#
..# #.#....#
.#..###...##.#
..........#..#
.#.##...#T...# #
### #.#..X#...#
##.##§...#@...#
###.###..#.#.#.#.#
...#..##..#.§...#
# ## ....§..##. #
# # #.##§##...##
.. ..#. .. ..§ ##
...# . .... # #.
.####.#. ... #..
.. .


You could see a tentacled starspawn.

Vanquished Creatures
  A lich (Abyss:1)
  The ghost of Ineet the Basher, a novice MiBe of Trog (D:9)
  Erica (D:9)
  2 starcursed masses (Abyss:1)
  2 ugly things
  Joseph (D:9)
  A freezing wraith (Abyss:1)
  A troll (D:10)
  Prince Ribbit (D:5)
  A hippogriff (D:10)
  Sigmund (D:6)
  A human (D:10)
  A wyvern (D:8)
  4 hogs (D:10)
  2 steam dragons (D:10)
  2 insubstantial wisps (D:10)
  5 orc warriors
  5 ice beasts
  4 sky beasts (D:10)
  5 centaurs
  4 ogres
  A crocodile (D:8)
  2 bullfrogs
  2 scorpions
  3 killer bees (D:8)
  A howler monkey (D:5)
  9 wights
  5 crimson imps
  2 quasits
  A bullfrog skeleton (D:6)
  2 centaur skeletons
  4 jellies
  Crazy Yiuf (D:6)
  5 orc priests
  2 gnoll shamans (D:6)
  3 hounds
  9 orc wizards
  3 iguanas
  4 worker ants
  A killer bee zombie (D:9)
  A hound zombie (D:9)
  9 gnolls (D:6)
  4 worker ant zombies
  9 adders
  A shadow imp (D:9)
  An ooze (D:1)
  6 worms
  2 dart slugs (D:1)
  6 leopard geckos
  31 orcs
  16 giant cockroaches
  12 goblins
  9 hobgoblins
  4 jackals
  A quokka (D:2)
  3 ball pythons
  9 bats
  9 frilled lizards
  9 kobolds
  10 rats
258 creatures vanquished.

Vanquished Creatures (collateral kills)
  A bullfrog (D:7)
  A crimson imp (D:7)
  A jelly (D:7)
  An iguana (D:7)
  A howler monkey skeleton (D:7)
  2 orcs (D:7)
  A starspawn tentacle (Abyss:1)
8 creatures vanquished.

Vanquished Creatures (others)
  A starspawn tentacle (Abyss:1)
1 creature vanquished.

Grand Total: 267 creatures vanquished

Notes
Turn   | Place    | Note
-------+----------+-------------------------------------------
     0 | D:1      | Johnny the Troll Berserker began the quest for the Orb.
     0 | D:1      | Reached XP level 1. HP: 22/22 MP: 0/0
   106 | D:1      | Reached XP level 2. HP: 29/29 MP: 1/1
   404 | D:1      | Reached XP level 3. HP: 36/36 MP: 2/2
   417 | D:1      | Reached skill level 1 in Armour
   452 | D:1      | Reached ** piety under Trog
   867 | D:2      | Reached XP level 4. HP: 41/44 MP: 3/3
  1551 | D:3      | Reached *** piety under Trog
  1570 | D:3      | Reached XP level 5. HP: 53/53 MP: 1/4
  2041 | D:4      | Reached skill level 4 in Unarmed Combat
  2062 | D:4      | Found Jeogy's Food Shop.
  2205 | D:4      | Found a staircase to the Ecumenical Temple.
  2240 | D:4      | Reached **** piety under Trog
  2376 | D:4      | Reached XP level 6. HP: 61/61 MP: 5/5
  2588 | D:5      | Entered Level 5 of the Dungeon
  2704 | D:5      | Found Meontu's Distillery.
  2797 | D:5      | Reached XP level 7. HP: 68/68 MP: 6/6
  2805 | D:5      | Noticed Prince Ribbit
  2810 | D:5      | Killed Prince Ribbit
  2810 | D:5      | Reached skill level 5 in Unarmed Combat
  3560 | D:6      | Reached XP level 8. HP: 74/79 MP: 7/7
  3594 | D:6      | Found a radiant altar of Vehumet.
  3765 | D:6      | Noticed a purple ugly thing
  3774 | D:6      | Killed a purple ugly thing
  3774 | D:6      | Reached skill level 5 in Fighting
  3774 | D:6      | Reached skill level 5 in Dodging
  3774 | D:6      | Reached skill level 6 in Unarmed Combat
  3997 | D:6      | Noticed Sigmund
  4008 | D:6      | Killed Sigmund
  4008 | D:6      | Reached XP level 9. HP: 81/88 MP: 8/8
  4108 | D:6      | Found a runed translucent door.
  4109 | D:6      | Noticed Crazy Yiuf
  4448 | D:6      | Killed Crazy Yiuf
  4490 | D:7      | Noticed a green ugly thing
  4497 | D:7      | Reached skill level 5 in Armour
  4504 | D:7      | Killed a green ugly thing
  4504 | D:7      | Reached skill level 7 in Unarmed Combat
  5055 | D:7      | Found an ornate altar of the Wu Jian Council.
  5455 | D:8      | You fall into a shaft and drop 2 floors!
  5455 | D:10     | Entered Level 10 of the Dungeon
  5465 | D:10     | Reached XP level 10. HP: 87/100 MP: 9/9
  5554 | D:9      | Noticed Joseph
  5570 | D:9      | Killed Joseph
  5570 | D:9      | Reached skill level 8 in Unarmed Combat
  5678 | D:9      | Reached ***** piety under Trog
  6198 | D:9      | Found a runed translucent gate.
  6198 | D:9      | Found a runed translucent gate.
  6198 | D:9      | Found a runed translucent gate.
  6200 | D:9      | Noticed Ineet's ghost (novice MiBe)
  6223 | D:9      | Killed Ineet's ghost
  6291 | D:9      | Noticed Erica
  6302 | D:9      | Killed Erica
  6528 | D:9      | Noticed Maurice
  6693 | D:9      | Found a glowing silver altar of Zin.
  6835 | D:10     | Reached skill level 9 in Unarmed Combat
  6973 | D:10     | Reached XP level 11. HP: 76/109 MP: 10/10
  7340 | D:10     | Noticed Erolcha
  7346 | D:10     | Cast into level 1 of the Abyss (Erolcha)
  7434 | Abyss:1  | Noticed a starcursed mass
  7452 | Abyss:1  | Killed a starcursed mass
  7455 | Abyss:1  | Killed a starcursed mass
  7540 | Abyss:1  | Noticed a lich
  7556 | Abyss:1  | Killed a lich
  7572 | Abyss:1  | Noticed a tentacled starspawn
  7581 | Abyss:1  | HP: 4/113 [tentacled starspawn (27)]
  7582 | Abyss:1  | Mangled by a tentacled starspawn

Levels and vault maps discovered:
D:1:      tarquinn_simple_flora_water_a, layout_rooms, roderic_serpentine_path,
          hangedman_decor_growths, serial_bayou_lagoon_a, chequers_mini_garden
D:2:      layout_loops_ring
D:3:      minmay_roachtagon, layout_basic, first_ration, nrook_mini_vaults,
          kennysheep_boxes
D:4:      minmay_evil_eye, layout_cave_pools, minmay_temple_entry_junction,
          serial_shops, shop
D:5:      layout_basic, serial_shops, shop, uniq_prince_ribbit1
D:6:      layout_loops_ring, vehumet_altar_wand_db, uniq_sigmund,
          uniq_crazy_yiuf_cottage
D:7:      layout_cave_pools, kennysheep_mini_moat
D:8:      layout_basic
D:9:      layout_long_grid, ebering_ghost_rock_garden, kennysheep_flooded_box,
          uniq_erica, uniq_joseph, uniq_maurice
D:10:     layout_basic, serial_shops, shop_coins, enter_bailey_2,
          grunt_livestock, minmay_misc_feat_iff, hangedman_misty_isle,
          uniq_erolcha
Abyss:1:  base: D:9, evilmike_abyss_exit_15, guppyfry_abyss_exit_glass_guarded,
          hangedman_stitches_earthworm

Skill      XL: |  1  2  3  4  5  6  7  8  9 10 11 |
---------------+----------------------------------+-----
Armour         | 1 2 3 4 5 7 |  7.9
Fighting       | 3 4 5 6 7 8 |  8.3
Dodging        | 3 4 5 6 7 8 |  8.3
Unarmed Combat | 4 5 6 7 9 |  9.9

Action                   |  1- 3 |  4- 6 |  7- 9 | 10-12 || total
-------------------------+-------+-------+-------+-------++-------
Melee: Unarmed           |    96 |   242 |   234 |   313 ||   885
       Punch             |     2 |     6 |     9 |    14 ||    31
Invok: Berserk           |       |     1 |     4 |     6 ||    11
       Trog's Hand       |       |     1 |     2 |     2 ||     5
       Brothers in Arms  |       |       |     1 |     2 ||     3
  Use: Scroll            |       |       |       |     9 ||     9
       Potion            |       |       |       |     1 ||     1
 Stab: Sleeping          |     1 |       |     1 |       ||     2
  Eat: Chunk             |    13 |    19 |    27 |    24 ||    83
Armor: Animal skin       |    50 |   114 |    75 |    38 ||   277
       Steam dragon scal |       |       |       |    39 ||    39
Dodge: Dodged            |    45 |   140 |   157 |   145 ||   487
       Deflected         |       |       |     7 |     8 ||    15
